 Dungeon Crawl Stone Soup version 0.30.1-3-gfc49f6343a (webtiles) character file.

Game seed: 7596254679960149241

44018 wingedge the Destroyer (level 13, -11/104 HPs)
             Began as a Demigod Wanderer on Aug 4, 2023.
             Mangled by a dire elephant (25 damage)
             ... on level 5 of the Lair of Beasts.
             The game lasted 01:22:13 (20189 turns).

wingedge the Destroyer (Demigod Wanderer)          Turns: 20189, Time: 01:22:14

Health: -11/104    AC:  9    Str: 12    XL:     13   Next: 56%
Magic:  9/26       EV: 11    Int: 34    God:
Gold:   1219       SH: 10    Dex: 13    Spells: 2/24 levels left

rFire   . . .        a - +8 demon trident "Rift" {distort, reach+}
rCold   . . .        d - +0 buckler
rNeg    + . .        o - +0 leather armour {Will+}
rPois   +            F - +2 helmet of the Everdark {Contam Rampage Fly rN+}
rElec   .            g - scarf {repulsion}
rCorr   +            i - +0 pair of gloves
SInv    .            B - +0 pair of boots
Will    ++...        v - amulet of reflection
Stlth   +++          E - ring of Remodich {Wiz rPois rCorr Dex+3 Stlth+}
HPRegen 0.37/turn    b - +4 ring of slaying
MPRegen 0.20/turn

%: repel missiles, reflection, rampage, wizardry (x1)
@: flying
A: high MP 1, forlorn, divine attributes
a: no special abilities


You were on level 5 of the Lair of Beasts.
You visited 2 branches of the dungeon, and saw 16 of its levels.
You also visited: Ossuary and Gauntlet.

You collected 1241 gold pieces.
You spent 22 gold pieces at shops.

Inventory:

Hand Weapons
 a - the +8 demon trident "Rift" (weapon) {distort, reach+}
   (You found it on level 4 of the Dungeon)
Missiles
 X - 5 curare-tipped darts
Armour
 d - a +0 buckler (worn)
 g - a scarf of repulsion (worn)
 i - a +0 pair of gloves (worn)
 o - a +0 leather armour of willpower (worn)
 u - the +0 ring mail "Yfuaset" {rPois rCorr Str-2 Dex+4}
   (You found it on level 3 of the Dungeon)

   Str:       It affects your strength (-2).
   Dex:       It affects your dexterity (+4).
   rPois:     It protects you from poison.
   rCorr:     It protects you from acid and corrosion.
 B - a +0 pair of boots (worn)
 F - the +2 helmet of the Everdark (worn) {Contam Rampage Fly rN+}
   (You found it in a Gauntlet)

   rN:        It protects you from negative energy.
   Fly:       It grants you flight.
   Contam:    It causes magical contamination when unequipped.
   Rampage:   It bestows one free step when moving towards enemies.
Jewellery
 b - a +4 ring of slaying (right hand)
 c - a ring of protection from cold
 f - a ring of flight
 h - a ring of positive energy
 s - a ring of see invisible
 v - an amulet of reflection (around neck)
 w - a ring of willpower
 E - the ring of Remodich (left hand) {Wiz rPois rCorr Dex+3 Stlth+}
   (You found it in a Gauntlet)

   [ring of wizardry]

   It improves your spell success rate.
   Dex:       It affects your dexterity (+3).
   rPois:     It protects you from poison.
   rCorr:     It protects you from acid and corrosion.
   Stlth:     It makes you more stealthy.
 S - a +4 ring of protection
Wands
 q - a wand of roots (9) (quivered)
 K - a wand of flame (14)
 R - a wand of mindburst (19)
 T - a wand of acid (19)
 U - a wand of charming (10)
 Z - a wand of digging (3)
Scrolls
 e - 3 scrolls of poison
 j - 2 scrolls of magic mapping
 k - 2 scrolls of enchant weapon
 z - 4 scrolls of immolation
 A - a scroll of fear
 D - 3 scrolls of enchant armour
 J - 5 scrolls of fog
 L - 2 scrolls of summoning
 N - 8 scrolls of teleportation
 P - 2 scrolls of acquirement {unknown}
 Q - a scroll of torment {unknown}
 V - a scroll of silence {unknown}
 W - 2 scrolls of vulnerability {unknown}
Potions
 l - 6 potions of brilliance {unknown}
 m - 5 potions of curing
 n - 3 potions of heal wounds
 p - a potion of flight {unknown}
 r - 2 potions of cancellation {unknown}
 t - 2 potions of haste {unknown}
 x - 3 potions of ambrosia {unknown}
 C - 4 potions of resistance {unknown}
 G - 4 potions of attraction {unknown}
 H - a potion of invisibility
 I - 2 potions of degeneration {unknown}
 M - 2 potions of berserk rage {unknown}
 O - 2 potions of mutation {unknown}
 Y - 2 potions of might


   Skills:
 + Level 6.6 Fighting
 - Level 6.0 Polearms
 - Level 5.0 Armour
 + Level 2.6 Dodging
 + Level 1.5 Stealth
 - Level 4.0 Shields
 + Level 6.0 Spellcasting
 - Level 10.3 Conjurations
 - Level 7.0 Summonings
 + Level 4.7 Fire Magic
 - Level 10.0 Air Magic
 - Level 9.0 Poison Magic


You had 2 spell levels left.
You knew the following spells:

 Your Spells              Type           Power      Damage    Failure   Level
a - Summon Small Mammal   Summ           100%       N/A       1%          1
b - Poisonous Vapours     Pois/Air       100%       N/A       1%          2
c - Foxfire               Conj/Fire      100%       2x1d9     1%          1
d - Summon Lightning Spi  Summ/Air       62%        N/A       1%          4
e - Olgreb's Toxic Radia  Pois           64%        N/A       1%          4
f - Arcjolt               Conj/Air       34%        1d44      1%          5
g - Fireball              Conj/Fire      28%        3d12      3%          5

Your spell library contained the following spells:

 Spells                   Type           Power      Damage    Failure   Level
 Cigotuvi's Dreadful Rot  Necr/Pois/Air  100%       N/A       1%          2
 Apportation              Tloc           20%        N/A       2%          1
 Necrotise                Necr           40%        1d6       2%          1
 Sublimation of Blood     Necr           10%        N/A       4%          2
 Hailstorm                Conj/Ice       45%        3d10      1%          3
 Vhi's Electric Charge    Tloc/Air       88%        N/A       1%          3
 Volatile Blastmotes      Fire/Tloc      52%        2d14      3%          3
 Fulminant Prism          Conj/Hex       22%        3d12      3%          4
 Iskenderun's Mystic Bla  Conj/Tloc      45%        2d10      3%          4
 Animate Armour           Summ/Erth      68%        N/A       6%          4
 Portal Projectile        Hex/Tloc       20%        N/A       9%          3
 Tukima's Dance           Hex            10%        N/A       9%          3
 Vampiric Draining        Necr           10%        2d6       9%          3
 Irradiate                Conj/Tmut      22%        3d19      9%          5
 Starburst                Conj/Fire      28%        6d9       19%         6
 Plasma Beam              Fire/Air       28%        2x1d45    21%         6
 Animate Dead             Necr           10%        N/A       26%         4
 Dispel Undead            Necr           10%        3d9       26%         4
 Ice Form                 Ice/Tmut       10%        N/A       26%         4
 Petrify                  Tmut/Erth      10%        N/A       26%         4
 Agony                    Necr           10%        N/A       56%         5
 Blade Hands              Tmut           5%         N/A       56%         5
 Borgnjor's Vile Clutch   Necr/Erth      5%         N/A       56%         5
 Lee's Rapid Deconstruct  Erth           5%         3d6*      56%         5
 Maxwell's Capacitive Co  Air            33%        ∞         95%         8
 Death Channel            Necr           5%         N/A       98%         6
 Simulacrum               Ice/Necr       5%         N/A       98%         6
 Discord                  Hex            5%         N/A       100%        8
 Ignition                 Fire           21%        3d8       100%        8


Dungeon Overview and Level Annotations

Branches:
Dungeon (11/15)            Temple (0/1) D:5            Lair (5/5) D:10
  Swamp (0/4) Lair:2       Spider (0/4) Lair:3        Slime (0/5) Lair:5
Ossuary (visited)         Gauntlet (visited)
    Orc: D:9-12

Shops:
D:5 =   D:8 *   D:11 (

Portals:
Abyss: D:4

Annotations:
Lair:3 3 runed translucent doors, suzumiya's ghost, journeyman GrFi


Innate Abilities, Weirdness & Mutations

You have an increased reservoir of magic. (+10% MP)
You shall have no god before yourself.
Your divine heritage dramatically boosts your attributes as you level up.


Message History

Space warps horribly around the dire elephant!
The dire elephant is severely wounded.
The dire elephant looks as sick as possible!
The dire elephant tramples you!!
You hold your ground!
You block the dire elephant's attack.
Your lightning spire shoots out a bolt of lightning at the dire elephant!
The bolt of electricity hits the dire elephant!
You completely miss the dire elephant.
The dire elephant is almost dead.
The dire elephant looks as sick as possible!
Your toxic aura wanes.
You block the dire elephant's attack.
The dire elephant trunk-slaps you but does no damage.
A dire elephant comes into view.
Your lightning spire shoots out a bolt of lightning at the dire elephant!
The bolt of electricity hits the dire elephant!!
The dire elephant dies!
Reach: a) +8 demon trident "Rift" {distort, reach+}
Press: ? - help, Dir - move target, f - dire elephant
Aim: a dire elephant (about 8% to evade the +8 demon trident "Rift")
You hit the dire elephant.
Space warps horribly around the dire elephant!!
The dire elephant is moderately wounded.
Reach: a) +8 demon trident "Rift" {distort, reach+}
Press: ? - help, Dir - move target, f/p - dire elephant
Aim: a dire elephant (moderately wounded, ally target, about 8% to evade the +8 demon trident "Rift")
You hit the dire elephant but do no damage.
Space warps around the dire elephant.
The dire elephant is moderately wounded.
Reach: a) +8 demon trident "Rift" {distort, reach+}
Press: ? - help, Dir - move target, f/p - dire elephant
Aim: a dire elephant (moderately wounded, ally target, about 8% to evade the +8 demon trident "Rift")
You hit the dire elephant but do no damage.
Space warps horribly around the dire elephant!
The dire elephant is heavily wounded.
The dire elephant tramples you!!
* * * LOW HITPOINT WARNING * * *
You hold your ground!
You block the dire elephant's attack. The dire elephant tramples you!!
You die...

*,****,8*,~~~~+.....#,,,,,*,,****
*,,,,****,~~~~*8YY.8*,,,,,****,,,
****,,,,*~~~~,*#####*8,,,,*,,,,**
* ****,***~,*##8.8##*,,***,****
*#♣♣###,,,****#8.⌠.8####*,,,*****
#♣....##*,,,,,,.......,,,,***,,,,
.......♣########'''#####****,,,,,
.....#..........Y.8....#,,,,,,,,,
....##..#..##...@.....##,,**,,,,,
...####.#######...#####*****,**,,
...# ### #.###### ****,, .P.#
###..###.#### *,* P.##
####....##.#...## *** ...#
##..........÷...)#### * ..##
###.............<...#.#
...####........#......#.....#
....##....##....##.#.##....#####


You could see 3 dire elephants and a friendly lightning spire (summoned).

Vanquished Creatures
  Nessos (Lair:4)
  A minotaur (Gauntlet)
  2 two-headed ogres
  2 catoblepae
  5 death yaks
  2 skysharks (Lair:5)
  A lindwurm (Lair:5)
  4 black mambas
  15 elephants
  2 centaur zombies (Gauntlet)
  A rime drake (Lair:5)
  8 cane toads
  2 trolls (D:10)
  The ghost of Wiggles the Cleaver, an amateur MiBe of Trog (D:4)
  Grinder (D:5)
  4 blink frogs (Lair:3)
  2 centaur simulacra (Gauntlet)
  Sigmund (D:6)
  2 jumping spiders (Lair:3)
  A shadow (D:10)
  A culicivora (Lair:3)
  2 wyverns
  Eustachio (D:5)
  A basilisk (Lair:4)
  20 yaks
  3 redbacks (Lair:3)
  Menkaure (D:5)
  6 water moccasins
  A hydra simulacrum (Gauntlet)
  An orc warrior (D:8)
  A sky beast (D:6)
  15 wolves
  3 ogres
  A centaur (D:11)
  A nameless horror (D:8)
  2 bullfrogs
  3 scorpions
  2 killer bees (D:9)
  A howler monkey (D:8)
  8 electric eels
  10 hounds
  A human zombie (Ossuary)
  Crazy Yiuf (D:3)
  A gnoll bouda (D:5)
  An orc priest (D:5)
  Jessica (D:2)
  A sleepcap (D:5)
  5 iguanas
  3 orc wizards
  2 mummies (Ossuary)
  7 gnolls
  6 adders
  A shadow imp (D:6)
  A worm (D:2)
  A dart slug (D:3)
  18 orcs
  6 endoplasms
  A giant cockroach (D:4)
  2 gnoll zombies (Ossuary)
  2 hobgoblins
  7 jackals
  A quokka (D:4)
  2 ball pythons (D:3)
  7 bats
  2 frilled lizards
  6 goblins
  6 goblin zombies (Ossuary)
  3 hobgoblin zombies (Ossuary)
  5 kobolds
  2 orc zombies (Ossuary)
  3 rats
247 creatures vanquished.

Vanquished Creatures (collateral kills)
  A dire elephant (Lair:5)
  A two-headed ogre (D:10)
  A death yak (Lair:5)
  Sonja (D:10)
  3 skeletal warriors (D:11)
  A skyshark (Lair:3)
  A deep elf pyromancer (D:9)
  9 elephants
  2 black mambas (Lair:1)
  4 cane toads
  2 rime drakes
  A troll (D:11)
  2 polar bears
  A blink frog (Lair:3)
  A meliai zombie (Gauntlet)
  A centaur simulacrum (Gauntlet)
  A wraith (D:10)
  3 yaks
  A wyvern (D:9)
  A basilisk (Lair:3)
  2 steam dragons (D:6)
  An acid dragon (D:10)
  3 water moccasins
  2 orc warriors (D:9)
  2 wolves (Lair:2)
  A small abomination (D:4)
  7 centaurs
  A phantom (D:6)
  2 kobold brigands
  3 bullfrogs
  A gnoll sergeant (D:8)
  2 killer bees (D:9)
  2 hounds
  3 orc priests
  3 iguanas
  2 orc wizards
  4 gnolls (D:8)
  An adder (D:6)
  A white imp (D:6)
  2 ufetubi
  5 orcs
  3 bats
  2 endoplasms
  3 goblins
  2 hobgoblins
  3 jackals (D:1)
  4 ball pythons
  A frilled lizard (D:1)
  3 kobolds
  A rat (D:2)
  3 foxfires (D:4)
113 creatures vanquished.

Vanquished Creatures (others)
  365 foxfires
365 creatures vanquished.

Grand Total: 725 creatures vanquished

Notes
Turn   | Place    | Note
-------+----------+-------------------------------------------
     0 | D:1      | wingedge the Demigod Wanderer began the quest for the Orb.
     0 | D:1      | wingedge set off with the following items: a +0 club, a
                  | scroll of blinking, a +0 robe, a +0 buckler; and the
                  | following spell memorised: Summon Small Mammal; and the
                  | following spells available to memorise: Poisonous Vapours,
                  | Cigotuvi's Dreadful Rot, Animate Armour, Summon Lightning
                  | Spire.
     0 | D:1      | Reached XP level 1. HP: 16/16 MP: 6/6
   248 | D:1      | Reached skill level 1 in Air Magic
   299 | D:1      | Reached XP level 2. HP: 23/23 MP: 4/8
   421 | D:1      | Learned a level 2 spell: Poisonous Vapours
  1261 | D:2      | Noticed Jessica
  1421 | D:2      | Killed Jessica
  1422 | D:2      | Reached XP level 3. HP: 26/28 MP: 0/9
  1759 | D:2      | Reached XP level 4. HP: 35/35 MP: 0/10
  1895 | D:2      | Learned a level 1 spell: Foxfire
  2646 | D:3      | Identified the +0 ring mail "Yfuaset" {rPois rCorr Str-2
                  | Dex+4}
  2829 | D:3      | Noticed an ogre
  2850 | D:3      | Killed an ogre
  2851 | D:3      | Reached skill level 1 in Conjurations
  2851 | D:3      | Reached XP level 5. HP: 19/40 MP: 4/11
  2993 | D:3      | Found a runed translucent door.
  2994 | D:3      | Noticed Crazy Yiuf
  3011 | D:3      | Killed Crazy Yiuf
  3012 | D:3      | Reached skill level 1 in Fire Magic
  3298 | D:4      | Found a transporter.
  3339 | D:4      | Noticed a small abomination
  3339 | D:4      | Found the +8 demon trident "Rift" {distort, reach+}
  3380 | D:4      | Found a transporter.
  3386 | D:4      | Noticed Wiggles's ghost (amateur MiBe)
  3387 | D:4      | Found a one-way gate to the infinite horrors of the Abyss.
  3425 | D:4      | Reached skill level 1 in Armour
  3566 | D:4      | Reached XP level 6. HP: 47/47 MP: 4/13
  3636 | D:4      | Learned a level 4 spell: Summon Lightning Spire
  4340 | D:5      | Entered Level 5 of the Dungeon
  4359 | D:5      | Found a transporter.
  4373 | D:5      | Found a transporter.
  4404 | D:5      | Noticed Menkaure
  4408 | D:5      | Noticed Eustachio
  4516 | D:5      | Found a sand-covered staircase.
  4520 | Ossuary  | Entered an ossuary
  4707 | Ossuary  | Reached XP level 7. HP: 46/52 MP: 7/14
  5137 | D:5      | Killed Menkaure
  5316 | D:5      | Killed Eustachio
  5460 | D:5      | Reached XP level 8. HP: 56/61 MP: 17/17
  5499 | D:5      | Noticed Grinder
  5513 | D:5      | Killed Grinder
  5514 | D:5      | Reached skill level 5 in Summonings
  5514 | D:5      | Reached skill level 5 in Air Magic
  5650 | D:5      | Found a staircase to the Ecumenical Temple.
  5771 | D:5      | Found Poproin's Jewellery Shop.
  7185 | D:6      | Noticed Sigmund
  7192 | D:6      | Killed Sigmund
  7193 | D:6      | Reached XP level 9. HP: 65/69 MP: 6/18
  8298 | D:7      | Learned a level 4 spell: Olgreb's Toxic Radiance
  8919 | D:8      | Found Rusuzab's General Store.
  8927 | D:8      | Bought a scroll of identify for 22 gold pieces
  9734 | D:9      | Noticed a deep elf pyromancer
  9738 | D:9      | Killed a deep elf pyromancer
  9740 | D:9      | Noticed a two-headed ogre
  9749 | D:9      | Killed a two-headed ogre
  9750 | D:9      | Reached skill level 5 in Spellcasting
 10000 | D:9      | Reached skill level 5 in Poison Magic
 10000 | D:9      | Reached XP level 10. HP: 69/77 MP: 11/21
 10758 | D:10     | Entered Level 10 of the Dungeon
 10762 | D:10     | Noticed Sonja
 10770 | D:10     | Killed Sonja
 11446 | D:10     | Noticed a two-headed ogre
 11453 | D:10     | Killed a two-headed ogre
 11556 | D:10     | Noticed a two-headed ogre
 11568 | D:10     | Killed a two-headed ogre
 11641 | D:10     | Found a staircase to the Lair.
 11984 | D:11     | Noticed a skeletal warrior
 11993 | D:11     | Killed a skeletal warrior
 11994 | D:11     | Reached XP level 11. HP: 84/84 MP: 20/24
 11997 | D:11     | Noticed a skeletal warrior
 11998 | D:11     | Noticed a skeletal warrior
 12511 | D:11     | Killed a skeletal warrior
 12517 | D:11     | Killed a skeletal warrior
 12664 | D:11     | Found Goinuw's Weapon Shoppe.
 12921 | Lair:1   | Entered Level 1 of the Lair of Beasts
 13860 | Lair:1   | Learned a level 5 spell: Arcjolt
 14185 | Lair:2   | Reached skill level 5 in Fighting
 14185 | Lair:2   | Reached skill level 5 in Armour
 14504 | Lair:2   | Found a staircase to the Swamp.
 15480 | D:4      | Killed Wiggles's ghost
 15481 | D:4      | Reached skill level 5 in Conjurations
 15763 | Lair:3   | Noticed a death yak
 15770 | Lair:3   | Noticed a death yak
 15773 | Lair:3   | Noticed a death yak
 15937 | Lair:3   | Reached skill level 1 in Polearms
 15976 | Lair:3   | Reached XP level 12. HP: 94/94 MP: 18/25
 15986 | Lair:3   | Reached skill level 10 in Air Magic
 16130 | Lair:3   | Found a runed translucent gate.
 16130 | Lair:3   | Found a runed translucent gate.
 16135 | Lair:3   | Found a runed translucent gate.
 16136 | Lair:3   | Noticed a minotaur
 16137 | Lair:3   | Noticed suzumiya's ghost (journeyman GrFi)
 16551 | Lair:3   | Noticed a catoblepas
 16561 | Lair:3   | Killed a catoblepas
 16701 | Lair:3   | Reached skill level 5 in Polearms
 16814 | Lair:3   | Found a hole to the Spider Nest.
 17493 | Lair:4   | Noticed Nessos
 17504 | Lair:4   | Killed Nessos
 17964 | Lair:4   | Noticed a catoblepas
 17970 | Lair:4   | Killed a catoblepas
 18649 | Lair:5   | Entered Level 5 of the Lair of Beasts
 18662 | Lair:5   | Reached XP level 13. HP: 102/102 MP: 12/26
 18821 | Lair:5   | Found a gate leading to a gauntlet.
 18833 | Lair:5   | Reached skill level 10 in Conjurations
 18846 | Gauntlet | Entered a Gauntlet
 18846 | Gauntlet | Found a transporter.
 18846 | Gauntlet | Found a transporter.
 18846 | Gauntlet | Found a transporter.
 18966 | Gauntlet | Learned a level 5 spell: Fireball
 18966 | Gauntlet | Found a transporter.
 18969 | Gauntlet | Found a transporter.
 18971 | Gauntlet | Found a large runed translucent door.
 18972 | Gauntlet | Found a large runed translucent door.
 18973 | Gauntlet | Found a large runed translucent door.
 18973 | Gauntlet | Found a large runed translucent door.
 18973 | Gauntlet | Found a runed translucent door.
 18973 | Gauntlet | Found a runed translucent door.
 18974 | Gauntlet | Found a large runed translucent door.
 18975 | Gauntlet | Found a large runed translucent door.
 18975 | Gauntlet | Found a large runed translucent door.
 18975 | Gauntlet | Found a large runed translucent door.
 18975 | Gauntlet | Found a large runed translucent door.
 18975 | Gauntlet | Found a large runed translucent door.
 18976 | Gauntlet | Found a large runed translucent door.
 18977 | Gauntlet | Found a large runed translucent door.
 18977 | Gauntlet | Found a large runed translucent door.
 18977 | Gauntlet | Found a large runed translucent door.
 18978 | Gauntlet | Found a large runed translucent door.
 18978 | Gauntlet | Found a large runed translucent door.
 18981 | Gauntlet | Found a runed translucent gate.
 18981 | Gauntlet | Found a runed translucent gate.
 18981 | Gauntlet | Found a runed translucent gate.
 18983 | Gauntlet | Found a transporter.
 19048 | Gauntlet | Found a transporter.
 19068 | Gauntlet | Found a transporter.
 19078 | Gauntlet | Found a transporter.
 19096 | Gauntlet | Found a transporter.
 19107 | Gauntlet | Found a transporter.
 19115 | Gauntlet | Found a transporter.
 19433 | Gauntlet | Identified the +2 helmet of the Everdark {Contam Rampage
                  | Fly rN+}
 19531 | Gauntlet | Noticed a minotaur
 19542 | Gauntlet | Killed a minotaur
 19644 | Gauntlet | Identified the ring of Remodich {Wiz rPois rCorr Dex+3
                  | Stlth+}
 20006 | Lair:5   | Reached skill level 1 in Stealth
 20180 | Lair:5   | Noticed a dire elephant
 20180 | Lair:5   | Noticed a dire elephant
 20180 | Lair:5   | Noticed a dire elephant
 20186 | Lair:5   | Noticed a dire elephant
 20186 | Lair:5   | Killed a dire elephant
 20189 | Lair:5   | Mangled by a dire elephant

Illustrated notes

Levels and vault maps discovered:
D:1:      minmay_arrival_up_and_down, layout_basic
D:2:      layout_rooms, nicolae_elevator_lobby_plus, uniq_jessica
D:3:      layout_loops_cross, shapermc_ecumenical_altar_mp_ritualfount,
          uniq_crazy_yiuf_cottage
D:4:      layout_gridville, elyvilon_altar_1,
          mainiacjoe_overflow_catch_the_wave, gammafunk_ghost_abyssal_escape
D:5:      gammafunk_steamed_eel, layout_loops_ring, minmay_temple_entry_waves,
          enter_ossuary_5, serial_shops, shop, uniq_grinder, uniq_menkaure,
          uniq_eustachio
D:6:      layout_basic, nicolae_overflow_crystal_walls, minmay_misc_feat_rows,
          uniq_sigmund
D:7:      layout_basic
D:8:      layout_gridville, serial_shops, nicolae_square_shop
D:9:      layout_irregular_city, minmay_fractal_squares_diagonal_5
D:10:     layout_small_grid, nicolae_gozag_seed_capital, erik_lair_island,
          due_unseen_surprise, uniq_sonja
D:11:     layout_cave_pools, serial_shops, shop,
          chequers_guarded_unrand_ignorance
Lair:1:   layout_gridlike, nicolae_quartered_pool_little
Lair:2:   layout_regular_city, swamp_mist
Lair:3:   layout_cave_shapes, nicolae_spider_entry_tight_spaces,
          maelrawn_ghost_gauntlet_escape, infiniplex_staircase_pool
Lair:4:   layout_loops_ring, serial_bayou_shore_b, uniq_nessos
Lair:5:   due_jungle_book, layout_concentric_octagons,
          dpeg_slime_entry_enclosed, gauntlet_entry_generic, minivault_24,
          infiniplex_staircase_pool_2

Skill      XL: |  1  2  3  4  5  6  7  8  9 10 11 12 13 |
---------------+----------------------------------------+-----
Summonings     | 2 3 4 5 7 |  7.0
Poison Magic   | 2 3 5 7 9 |  9.0
Air Magic      | 1 2 3 4 5 7 8 9 10 | 10.0
Conjurations   | 1 2 3 5 8 10 | 10.3
Fire Magic     | 1 2 3 4 |  4.7
Armour         | 1 2 4 5 |  5.0
Spellcasting   | 3 4 5 6 |  6.0
Fighting       | 2 3 4 5 6 |  6.6
Polearms       | 1 6 |  6.0
Shields        | 3 4 |  4.0
Dodging        | 2 |  2.6
Stealth        | 1 |  1.5

Action                     |  1- 3 |  4- 6 |  7- 9 | 10-12 | 13-15 || total
---------------------------+-------+-------+-------+-------+-------++-------
  Melee: Short sword       |    61 |       |       |       |       ||    61
         Falchion          |    36 |    68 |    13 |       |       ||   117
         Punch             |     1 |     1 |     1 |       |       ||     3
         Flail             |       |       |    82 |    36 |       ||   118
         Staff             |       |       |       |     9 |       ||     9
         Demon trident     |       |       |       |    96 |    45 ||   141
  Throw: Javelin           |       |     6 |       |       |       ||     6
   Cast: Summon Small Mamm |    42 |     5 |     4 |       |       ||    51
         Poisonous Vapours |    14 |    42 |    44 |    53 |     5 ||   158
         Foxfire           |       |    68 |    70 |    49 |    17 ||   204
         Summon Lightning  |       |       |    22 |    69 |     9 ||   100
         Olgreb's Toxic Ra |       |       |     1 |    18 |     5 ||    24
         Arcjolt           |       |       |       |    11 |     5 ||    16
         Fireball          |       |       |       |       |    11 ||    11
  Evoke: Wand              |       |       |    14 |     8 |     1 ||    23
    Use: Scroll            |       |     2 |     3 |     8 |     4 ||    17
         Potion            |       |       |       |     1 |     3 ||     4
   Stab: Distracted        |       |       |       |     2 |     2 ||     4
 Armour: Robe              |    46 |       |       |       |       ||    46
         Leather armour    |    24 |    44 |    59 |       |     6 ||   133
         Ring mail         |       |       |    13 |    76 |    14 ||   103
  Dodge: Dodged            |    79 |    56 |   111 |    73 |    26 ||   345
  Block: Buckler           |     7 |       |       |    37 |    35 ||    79
         Reflection        |       |       |       |     2 |     1 ||     3
